 Dungeon Crawl Stone Soup version 0.28.0 (webtiles) character file.

Game seed: 13788756205243477358

12 Akaron the Sneak (level 2, 0/19 HPs)
             Began as an Octopode Brigand on Feb 14, 2022.
             Slain by an adder (2 damage)
             ... on level 2 of the Dungeon.
             The game lasted 00:00:51 (626 turns).

Akaron the Sneak (Octopode Brigand)                  Turns: 626, Time: 00:00:52

Health: 0/19       AC:  1    Str: 10    XL:     2   Next: 33%
Magic:  0/2        EV: 12    Int: 13    God:
Gold:   52         SH:  0    Dex: 13    Spells: 1/1 levels left

rFire   . . .      SeeInvis .   a - +2 dagger
rCold   . . .      Faith    .   (no shield)
rNeg    . . .      Spirit   +   (helmet restricted)
rPois   .          Reflect  .   i - amulet of guardian spirit
rElec   .          Harm     .   (no ring)
rCorr   .          Rampage  .   (no ring)
Will    .....                   (no ring)
Stlth   ++++......              (no ring)
HPRegen 0.06/turn               (no ring)
MPRegen 0.08/turn               (no ring)
                                (no ring)
                                (no ring)

@: lethally poisoned (0 -> -4)
A: almost no armour, amphibious, 8 rings, camouflage 1, gelatinous body 1,
(nimble swimmer 1), tentacles
a: no special abilities


You were on level 2 of the Dungeon.
You visited 1 branch of the dungeon, and saw 2 of its levels.

You collected 52 gold pieces.

Inventory:

Hand Weapons
 a - a +2 dagger (weapon)
Missiles
 b - 8 poisoned darts (quivered)
 c - 2 curare-tipped darts
Jewellery
 i - an amulet of guardian spirit (around mantle)
Scrolls
 e - a scroll of enchant armour {unknown}
 f - a scroll of enchant weapon {unknown}
 h - a scroll of fog {unknown}
Potions
 d - 2 potions of magic {unknown}
 g - a potion of berserk rage {unknown}


   Skills:
 + Level 2.1 Fighting
 + Level 2.1 Short Blades
 + Level 2.1 Throwing
 + Level 1.0 Dodging
 + Level 5.8 Stealth


You had one spell level left.
You didn't know any spells.
Your spell library contained the following spells:

 Spells                   Type           Power      Damage    Failure   Level
 Dazzling Flash           Conj/Hex       0%         N/A       67%         3
 Iskenderun's Mystic Bla  Conj/Tloc      0%         2d3       97%         4
 Starburst                Conj/Fire      0%         6d3       100%        6


Dungeon Overview and Level Annotations

Branches:
Dungeon (2/15)

Altars:


Innate Abilities, Weirdness & Mutations

You cannot wear most types of armour.
You are amphibious.
You can wear up to eight rings at the same time.
Your skin changes colour to match your surroundings (Stealth+).
Your rubbery body absorbs attacks. (AC +1, EV +1)
((You are camouflaged when in or above water. (Stealth+)))
You have tentacles for arms and can constrict up to eight enemies at once.


Message History

There is an open door here.
An adder comes into view.
Found 4 gold pieces.
A frilled lizard comes into view.
The frilled lizard hisses angrily.
A hobgoblin comes into view.
You barely miss the frilled lizard.
The hobgoblin shouts!
Your grab misses the frilled lizard. Your squeeze misses the frilled lizard.
The frilled lizard hisses.
The frilled lizard barely misses you.
You barely miss the frilled lizard.
The adder hisses angrily.
Your grab misses the frilled lizard. You barely miss the frilled lizard.
Your grab misses the frilled lizard. The frilled lizard closely misses you.
You closely miss the frilled lizard. You grab the frilled lizard.
You constrict the frilled lizard.
You kill the frilled lizard!
You barely miss the adder. You grab the adder. You constrict the adder.
The adder bites you.
You are poisoned.
The adder poisons you! The hobgoblin hits you. The adder closely misses you.
You barely miss the adder.
The adder is lightly wounded.
You constrict the adder.
You feel sick. The hobgoblin hits you. The adder bites you.
You are too injured to fight recklessly!
You are too injured to fight recklessly!
You hit the adder.
The adder is heavily wounded.
You constrict the adder.
You feel sick. The hobgoblin hits you.
* * * LOW HITPOINT WARNING * * *
The adder closely misses you.
You hit the adder.
The adder is almost dead.
You constrict the adder.
* * * LOW HITPOINT WARNING * * *
You feel sick. The adder bites you.
You die...

#+ ##.# ###
####. ... ...
.$... #.####.#
.....###......
..........gS#
.........@.#
#........#
#........+
#........#
####........##
#....##'##+#.#
.............[#
##..........#.#
# #.#####.####


You could see an adder and a hobgoblin.

Vanquished Creatures
  2 endoplasms (D:1)
  2 hobgoblins (D:1)
  4 kobolds (D:1)
  A frilled lizard (D:2)
  3 rats
12 creatures vanquished.

Notes
Turn   | Place    | Note
-------+----------+-------------------------------------------
     0 | D:1      | Akaron the Octopode Brigand began the quest for the Orb.
     0 | D:1      | Reached XP level 1. HP: 14/14 MP: 1/1
   192 | D:1      | Found a faded altar of an unknown god.
   220 | D:1      | Reached XP level 2. HP: 19/19 MP: 2/2
   626 | D:2      | Slain by an adder

Illustrated notes

Levels and vault maps discovered:
D:1:      sevenhm_arrival_forest_fort_small_4, layout_basic,
          shapermc_ecumenical_altar_pompeii
D:2:      layout_basic, basic_altar, minmay_tripent, uniq_crazy_yiuf_cottage

Action                   || total
-------------------------++-------
Melee: Dagger            ||    26
       Constrict         ||     4
       Tentacles         ||     1
 Stab: Sleeping          ||     7
Armor: Skin              ||     1
Dodge: Dodged            ||     7
